 Dungeon Crawl Stone Soup version 0.28-a0-861-ge64d6db94f (webtiles) character file.

Game seed: 15526622334894273394

119 ders the Digger (level 5, -1/28 HPs)
             Began as a Gargoyle Earth Elementalist on Nov 16, 2021.
             Slain by an orc (4 damage)
             ... on level 4 of the Dungeon.
             The game lasted 00:02:57 (2661 turns).

ders the Digger (Gargoyle Earth Elementalist)       Turns: 2661, Time: 00:02:58

Health: -1/28      AC:  6    Str: 10 (12) XL:     5   Next: 3%
Magic:  0/9        EV: 11    Int: 15 (16) God:
Gold:   171        SH:  0    Dex:  7 (10) Spells: 5/9 levels left

rFire   . . .      SeeInvis .   a - +0 short sword (speed)
rCold   . . .      Faith    .   (no shield)
rNeg    + . .      Spirit   .   b - +0 robe
rPois   ∞          Reflect  .   (no helmet)
rElec   +          Harm     .   (no cloak)
rCorr   .          Rampage  .   (no gloves)
Will    .....                   (no boots)
Stlth   ++........              (no amulet)
HPRegen 0.09/turn               (no ring)
MPRegen 0.11/turn               (no ring)

@: mighty
A: sickness immunity, AC +4, negative energy resistance 1, electricity
resistance, torment resistance 1, petrification resistance
a: no special abilities


You were on level 4 of the Dungeon.
You visited 1 branch of the dungeon, and saw 4 of its levels.

You collected 171 gold pieces.

Inventory:

Hand Weapons
 a - a +0 short sword of speed (weapon)
Missiles
 c - 70 stones
Armour
 b - a +0 robe (worn)
Jewellery
 e - a +4 ring of protection
Scrolls
 f - 7 scrolls of identify {unknown}
 h - 2 scrolls of teleportation {unknown}
Potions
 i - a potion of lignification {unknown}
 j - a potion of invisibility {unknown}
 k - a potion of berserk rage {unknown}


   Skills:
 - Level 1.5 Dodging
 - Level 2.1 Stealth
 + Level 2.9 Spellcasting
 * Level 2.1 Conjurations
 + Level 1.9 Transmutations
 + Level 4.5 Earth Magic


You had 5 spell levels left.
You knew the following spells:

 Your Spells              Type           Power      Damage    Failure   Level
a - Sandblast             Erth           30%        2d9       3%          1
b - Stone Arrow           Conj/Erth      24%        3d8       16%         3

Your spell library contained the following spells:

 Spells                   Type           Power      Damage    Failure   Level
 Passwall                 Tmut/Erth      9%         N/A       9%          2
 Petrify                  Tmut/Erth      11%        N/A       47%         4


Dungeon Overview and Level Annotations

Branches:
Dungeon (4/15)
 Temple: D:4-7

Altars:
Cheibriados
Nemelex Xobeh
Qazlal
Zin


Innate Abilities, Weirdness & Mutations

You are immune to sickness and miasma.
Your stone body is resilient. (AC +4)
You are immune to poison.
You resist negative energy. (rN+)
You are resistant to electric shocks. (rElec)
You are resistant to unholy torment.
You are immune to petrification.


Message History

The blast of sand misses the orc priest.
The orc priest barely misses you.
Unknown command.
You closely miss the orc priest.
The orc priest is heavily wounded.
The orc priest hits you but does no damage.
You hit the orc priest but do no damage.
The orc priest is heavily wounded.
You hit the orc priest but do no damage.
The orc priest is heavily wounded.
The orc closely misses you.
You hit the orc priest.
The orc priest is severely wounded.
The orc priest hits you but does no damage.
The orc hits you but does no damage.
You barely miss the orc priest.
The orc priest is severely wounded.
The orc hits you with a +2 flail of protection.
You hit the orc priest but do no damage.
The orc priest is severely wounded.
The orc barely misses you.
The orc priest hits you but does no damage.
The gnoll hits you from afar with a +0 halberd.
The orc hits you with a +2 flail of protection.
You completely miss the orc priest.
The orc priest is severely wounded.
The orc priest barely misses you. The orc hits you but does no damage.
The gnoll closely misses you.
It was a potion of degeneration.
There was something very wrong with that liquid.
You feel weakened.
You feel dopey.
You feel clumsy. The orc closely misses you.
The orc priest hits you with a +0 whip. The orc hits you with a +0 whip.
The gnoll hits you from afar with a +0 halberd!
* * * LOW HITPOINT WARNING * * *
It was a potion of might.
You feel very mighty all of a sudden. The orc misses you.
The orc priest closely misses you. The orc hits you with a +0 whip.
You die...

##.............
............... .....
............##. .....
......#'#+####.#
.....? ......#†#.#
#.# ......
...####.#.# #.###.)..
...####.#.####....g)#
...##...........oo..#
#####.#.#.##....@o..#
...#.#.##........#
#.....#...........+
#.................#
#.#.#.######..^...+
#.#.### #.$....# #.
.......# ###+##+##


You could see an orc priest, a gnoll and 2 orcs.

Vanquished Creatures
  A hound (D:4)
  A hound skeleton (D:4)
  2 worms
  2 dart slugs (D:3)
  2 orcs (D:4)
  3 ball pythons
  6 endoplasms
  4 giant cockroaches
  6 goblins
  5 hobgoblins
  2 jackals (D:1)
  3 kobolds
  7 quokkas
  3 bats
  12 frilled lizards
  6 rats
65 creatures vanquished.

Vanquished Creatures (others)
  2 plants (D:1)
2 creatures vanquished.

Grand Total: 67 creatures vanquished

Notes
Turn   | Place    | Note
-------+----------+-------------------------------------------
     0 | D:1      | ders the Gargoyle Earth Elementalist began the quest for
                  | the Orb.
     0 | D:1      | Reached XP level 1. HP: 10/10 MP: 3/3
    29 | D:1      | Reached skill level 1 in Transmutations
    35 | D:1      | Reached XP level 2. HP: 7/15 MP: 0/5
   303 | D:1      | Found a faded altar of an unknown god.
   395 | D:1      | Reached skill level 4 in Earth Magic
   626 | D:1      | Reached XP level 3. HP: 15/19 MP: 0/6
   690 | D:1      | Learned a level 3 spell: Stone Arrow
  1229 | D:2      | Reached skill level 1 in Conjurations
  1441 | D:2      | Found a snail-covered altar of Cheibriados.
  1849 | D:3      | Reached XP level 4. HP: 24/24 MP: 3/7
  2265 | D:3      | Found a glowing silver altar of Zin.
  2266 | D:3      | Found a sparkling altar of Nemelex Xobeh.
  2269 | D:3      | Found a stormy altar of Qazlal.
  2603 | D:4      | Reached XP level 5. HP: 28/28 MP: 6/9
  2661 | D:4      | Slain by an orc

Illustrated notes

Levels and vault maps discovered:
D:1:      eino_arrival_water_cross, layout_rooms,
          shapermc_ecumenical_altar_hornbeckon, minmay_lizard_pond
D:2:      layout_loops_cross, basic_altar, minmay_circle_x
D:3:      layout_basic, chequers_temple_overflow_statue_of_worship,
          grunt_ministairs_4
D:4:      layout_basic, uniq_menkaure

Skill      XL: |  1  2  3  4 |
---------------+-------------+-----
Transmutations | 1 |  1.9
Earth Magic    | 4 |  4.5
Conjurations   | 1 2 |  2.1
Dodging        | |  1.5
Stealth        | |  2.1
Spellcasting   | |  2.9

Action                   |  1- 3 |  4- 6 || total
-------------------------+-------+-------++-------
Melee: Short sword       |    40 |     8 ||    48
 Cast: Sandblast         |    57 |    29 ||    86
  Use: Potion            |       |     2 ||     2
Armor: Robe              |    21 |     6 ||    27
Dodge: Dodged            |    43 |    13 ||    56

Table legend: (Time is in decaauts)
 A = Elapsed time spent in this place.
 B = Non-inter-level travel time spent in this place.
 C = Inter-level travel time spent in this place.
 D = Time resting spent in this place.
 E = Time spent auto-exploring this place.
 F = Levels seen in this place.
 G = Mean time per level.
                   A        B        C        D        E       F      G
               +--------+--------+--------+--------+--------+-----+--------+
         Total |   2656 |   2591 |     65 |    833 |   1415 |   4 |  664.0 |
       Dungeon |   2656 |   2591 |     65 |    833 |   1415 |   4 |  664.0 |
               +--------+--------+--------+--------+--------+-----+--------+

Top non-repeatable levels by time:
     D:3: 903 daAuts
     D:1: 880 daAuts
     D:2: 779 daAuts
     D:4: 92 daAuts
